| TOP OF THE 1ST |
|
Bend Bandits batting - Pitching for Lewiston Broncs : RHP Theo Shaw
|
|
Pitching: RHP Theo Shaw
|
|
|
Batting: LHB Jerome Coleman
|
0-0: Ball 1-0: Foul Ball, location: 2F 1-1: Ball 2-1: Ball 3-1: Foul Ball, location: 2F 3-2: Strikes out looking
|
|
Batting: RHB Jeff Doerr
|
0-0: Ball 1-0: Ball 2-0: Called Strike 2-1: SINGLE (Line Drive, 3D, EV 100.0 MPH)
|
|
Batting: RHB Kevin Romine
|
0-0: Fielders Choice at 2nd, 6-4 (Groundball, 6M, EV 78.1 MPH)
|
|
Batting: LHB Barry Houston
|
0-0: Called Strike 0-1: Ball 1-1: Foul Ball, location: 2F 1-2: Ball 2-2: Strikes out looking
|
| Top of the 1st over - 0 runs, 1 hit, 0 errors, 1 left on base; Bend 0 - Lewiston 0 |
| BOTTOM OF THE 1ST |
|
Lewiston Broncs batting - Pitching for Bend Bandits : RHP Ignacio Sola
|
|
Pitching: RHP Ignacio Sola
|
|
|
Batting: LHB Wayne Kirby
|
0-0: Fly out, F8 (Flyball, 8LD, EV 82.5 MPH)
|
|
Batting: LHB Alex Hernandez
|
0-0: Foul Ball, location: 2F 0-1: Foul Ball, location: 2F 0-2: Foul Ball, location: 2F 0-2: Ball 1-2: Strikes out looking
|
|
Batting: RHB Jeff Kunkel
|
0-0: Ball 1-0: Single, Error in OF, E7, batter to second base (Line Drive, 7S, EV 95.0 MPH)
|
|
Batting: RHB Bruce Castoria
|
0-0: Swinging Strike 0-1: Ball 1-1: Swinging Strike 1-2: Foul Ball, location: 2F 1-2: Ball 2-2: Fly out, F8 (Flyball, 8RM, EV 75.0 MPH)
|
| Bottom of the 1st over - 0 runs, 1 hit, 1 error, 1 left on base; Bend 0 - Lewiston 0 |
| TOP OF THE 2ND |
|
Bend Bandits batting - Pitching for Lewiston Broncs : RHP Theo Shaw
|
|
Batting: RHB Trajano Estrela
|
0-0: Ball 1-0: Foul Ball, location: 2F 1-1: Swinging Strike 1-2: SINGLE (Groundball, 6MD, EV 100.0 MPH)
|
|
Batting: RHB Phil Smith
|
0-0: Foul Ball, location: 2F 0-1: Foul Ball, location: 2F 0-2: Ball 1-2: Ball 2-2: Ball 3-2: Base on Balls Trajano Estrela to second
|
|
Batting: RHB Ronald Harper
|
0-0: Called Strike 0-1: SINGLE (Line Drive, 78M, EV 103.1 MPH) Trajano Estrela to third Phil Smith to second
|
|
Batting: RHB Rick Austin
|
0-0: Fly out, F6 (Line Drive, 6, EV 68.8 MPH)
|
|
Batting: RHB Jeffrey Thompson
|
0-0: Called Strike 0-1: Called Strike 0-2: Ball 1-2: Foul Ball, location: 2F 1-2: Foul Ball, location: 2F 1-2: Ground out 6-3 (Groundball, 6S, EV 68.8 MPH) Trajano Estrela scores Phil Smith to third Ronald Harper to second
|
|
Batting: LHB Jerome Coleman
|
0-0: Called Strike 0-1: Ball 1-1: Fly out, F7 (Flyball, 7S, EV 91.3 MPH)
|
| Top of the 2nd over - 1 run, 2 hits, 0 errors, 2 left on base; Bend 1 - Lewiston 0 |
| BOTTOM OF THE 2ND |
|
Lewiston Broncs batting - Pitching for Bend Bandits : RHP Ignacio Sola
|
|
Batting: LHB Nestor Moreno
|
0-0: Ball 1-0: Ball 2-0: Ball 3-0: Base on Balls
|
|
Batting: RHB Sal D'Alessandro
|
0-0: Ball 1-0: Ball 2-0: Ball 3-0: Called Strike 3-1: Foul Ball, location: 2F 3-2: Base on Balls Nestor Moreno to second
|
|
Batting: RHB Julio Marin
|
0-0: Ball 1-0: Ball 2-0: Ball 3-0: Called Strike 3-1: Base on Balls Nestor Moreno to third Sal D'Alessandro to second
|
|
Batting: RHB Steven Spalt
|
0-0: Called Strike 0-1: Lines into TRIPLE play, 9-6-3 (Line Drive, 9, EV 106.3 MPH)
|
| Bottom of the 2nd over - 0 runs, 0 hits, 0 errors, 1 left on base; Bend 1 - Lewiston 0 |
| TOP OF THE 3RD |
|
Bend Bandits batting - Pitching for Lewiston Broncs : RHP Theo Shaw
|
|
Batting: RHB Jeff Doerr
|
0-0: Foul Ball, location: 2F 0-1: Ball 1-1: Called Strike 1-2: Strikes out swinging
|
|
Batting: RHB Kevin Romine
|
0-0: Ball 1-0: Ball 2-0: Ball 3-0: Called Strike 3-1: Base on Balls
|
|
Batting: LHB Barry Houston
|
0-0: Ball 1-0: Fly out, F8 (Flyball, 8LM, EV 89.4 MPH)
|
|
Batting: RHB Trajano Estrela
|
0-0: Called Strike 0-1: Swinging Strike 0-2: Strikes out swinging
|
| Top of the 3rd over - 0 runs, 0 hits, 0 errors, 1 left on base; Bend 1 - Lewiston 0 |
| BOTTOM OF THE 3RD |
|
Lewiston Broncs batting - Pitching for Bend Bandits : RHP Ignacio Sola
|
|
Batting: RHB Jay Roberts
|
0-0: Called Strike 0-1: Ball 1-1: Ball 2-1: Called Strike 2-2: Ball 3-2: Base on Balls
|
|
Batting: LHB Wayne Kirby
|
0-0: Ball 1-0: Ball 2-0: SINGLE (Groundball, 4MD, EV 107.5 MPH) Jay Roberts to second Runner from 2nd tries for 3rd, SAFE, throw by CF made to third
|
|
Batting: LHB Alex Hernandez
|
0-0: Swinging Strike 0-1: Ball 1-1: Foul Ball, location: 2F 1-2: Grounds into double play, 3-6-1 (Groundball, 34, EV 102.5 MPH) Jay Roberts scores
|
|
Batting: RHB Jeff Kunkel
|
0-0: Ball 1-0: Ball 2-0: SINGLE (Popup, 4D, EV 47.5 MPH)
|
|
Batting: RHB Bruce Castoria
|
0-0: Called Strike 0-1: Ball 1-1: Fly out, F8 (Flyball, 8RD, EV 96.9 MPH)
|
| Bottom of the 3rd over - 1 run, 2 hits, 0 errors, 1 left on base; Bend 1 - Lewiston 1 |
| TOP OF THE 4TH |
|
Bend Bandits batting - Pitching for Lewiston Broncs : RHP Theo Shaw
|
|
Batting: RHB Phil Smith
|
0-0: Foul Ball, location: 2F 0-1: Ball 1-1: Called Strike 1-2: Ball 2-2: Reached on error, E4 (Groundball, 4M, EV 107.5 MPH)
|
|
Batting: RHB Ronald Harper
|
0-0: Ball 1-0: Foul Ball, location: 2F 1-1: Called Strike 1-2: Fly out, F9 (Flyball, 9D, EV 101.9 MPH) Runner from 1st tags up, SAFE at 2nd
|
|
Batting: RHB Rick Austin
|
0-0: Ball 1-0: Ball 2-0: Fly out, F8 (Line Drive, 8LD, EV 95.6 MPH) Runner from 2nd tags up, SAFE at 3rd with throw by CF
|
|
Batting: RHB Jeffrey Thompson
|
0-0: Called Strike 0-1: Fly out, F7 (Line Drive, 7, EV 92.5 MPH)
|
| Top of the 4th over - 0 runs, 0 hits, 1 error, 1 left on base; Bend 1 - Lewiston 1 |
| BOTTOM OF THE 4TH |
|
Lewiston Broncs batting - Pitching for Bend Bandits : RHP Ignacio Sola
|
|
Batting: LHB Nestor Moreno
|
0-0: Called Strike 0-1: Foul Ball, location: 2F 0-2: Foul Ball, location: 2F 0-2: Ball 1-2: SOLO HOME RUN (Flyball, 7D, EV 96.3 MPH), Distance : 378 ft
|
|
Batting: RHB Sal D'Alessandro
|
0-0: Ball 1-0: Foul Ball, location: 2F 1-1: Ball 2-1: Ball 3-1: Called Strike 3-2: SINGLE (Flyball, 5D, EV 90.0 MPH)
|
|
Batting: RHB Julio Marin
|
0-0: Ball Wild Pitch! Sal D'Alessandro to second 1-0: Foul Ball, location: 2F 1-1: Ground out 5-3 (Groundball, 5L, EV 94.4 MPH)
|
|
Batting: RHB Steven Spalt
|
0-0: Ball 1-0: Ball 2-0: SINGLE (Groundball, 4MD, EV 101.9 MPH) Sal D'Alessandro to third Runner from 3rd tries for Home, SAFE, throw by CF to home Steven Spalt to second
|
|
Batting: RHB Jay Roberts
|
0-0: Ball 1-0: Called Strike 1-1: Foul Ball, location: 2F 1-2: Strikes out looking
|
|
Batting: LHB Wayne Kirby
|
0-0: Ball 1-0: Called Strike 1-1: Fly out, F8 (Flyball, 78D, EV 101.9 MPH)
|
| Bottom of the 4th over - 2 runs, 3 hits, 0 errors, 1 left on base; Bend 1 - Lewiston 3 |
| TOP OF THE 5TH |
|
Bend Bandits batting - Pitching for Lewiston Broncs : RHP Theo Shaw
|
|
Batting: LHB Jerome Coleman
|
0-0: Fly out, F9 (Flyball, 9S, EV 75.0 MPH)
|
|
Batting: RHB Jeff Doerr
|
0-0: Called Strike 0-1: Fly out, F3 (Popup, 34, EV 75.0 MPH)
|
|
Batting: RHB Kevin Romine
|
0-0: Called Strike 0-1: Swinging Strike 0-2: Strikes out swinging
|
| Top of the 5th over - 0 runs, 0 hits, 0 errors, 0 left on base; Bend 1 - Lewiston 3 |
| BOTTOM OF THE 5TH |
|
Lewiston Broncs batting - Pitching for Bend Bandits : RHP Ignacio Sola
|
|
Batting: LHB Alex Hernandez
|
0-0: Swinging Strike 0-1: Fly out, F7 (Flyball, 7D, EV 86.3 MPH)
|
|
Batting: RHB Jeff Kunkel
|
0-0: Ball 1-0: Foul Ball, location: 2F 1-1: Fly out, F3 (Flyball, 34D, EV 92.5 MPH)
|
|
Batting: RHB Bruce Castoria
|
0-0: Ball 1-0: Ball 2-0: Foul Ball, location: 2F 2-1: Ball 3-1: Foul Ball, location: 2F 3-2: Base on Balls
|
|
Batting: LHB Nestor Moreno
|
0-0: Fly out, F8 (Flyball, 8LM, EV 86.3 MPH)
|
| Bottom of the 5th over - 0 runs, 0 hits, 0 errors, 1 left on base; Bend 1 - Lewiston 3 |
| TOP OF THE 6TH |
|
Bend Bandits batting - Pitching for Lewiston Broncs : RHP Theo Shaw
|
|
Batting: LHB Barry Houston
|
0-0: Foul Ball, location: 2F 0-1: TRIPLE (Flyball, 78XD, EV 113.1 MPH)
|
|
Batting: RHB Trajano Estrela
|
0-0: Foul Ball, location: 2F 0-1: Ball 1-1: Called Strike 1-2: Foul Ball, location: 2F 1-2: Strikes out swinging
|
|
Batting: RHB Phil Smith
|
0-0: Swinging Strike 0-1: Foul Ball, location: 2F 0-2: Strikes out swinging
|
|
Batting: RHB Ronald Harper
|
0-0: Ball 1-0: Ball 2-0: Ball 3-0: Called Strike 3-1: Reached on error, E6 (Groundball, 6S, EV 61.9 MPH) Barry Houston scores
|
|
Batting: RHB Rick Austin
|
0-0: Called Strike 0-1: Ground out 5-3 (Groundball, 56, EV 100.0 MPH)
|
| Top of the 6th over - 1 run, 1 hit, 1 error, 1 left on base; Bend 2 - Lewiston 3 |
| BOTTOM OF THE 6TH |
|
Lewiston Broncs batting - Pitching for Bend Bandits : RHP Ignacio Sola
|
|
Batting: RHB Sal D'Alessandro
|
0-0: Foul Ball, location: 2F 0-1: Foul Ball, location: 2F 0-2: Ball 1-2: Ball 2-2: DOUBLE (Groundball, 5L, EV 114.4 MPH)
|
|
Batting: RHB Julio Marin
|
0-0: Ball 1-0: Called Strike 1-1: SINGLE (Groundball, 6D, EV 100.6 MPH) Sal D'Alessandro to third Runner from 3rd tries for Home, SAFE, throw by LF to home
|
|
Batting: RHB Steven Spalt
|
0-0: Ball Julio Marin is caught stealing 2nd base 2-4 1-0: Ground out 5-3 (Groundball, 56S, EV 60.6 MPH)
|
|
Batting: RHB Jay Roberts
|
0-0: Ball 1-0: Called Strike 1-1: Ball 2-1: Swinging Strike 2-2: Strikes out swinging
|
| Bottom of the 6th over - 1 run, 2 hits, 0 errors, 0 left on base; Bend 2 - Lewiston 4 |
| TOP OF THE 7TH |
|
Bend Bandits batting - Pitching for Lewiston Broncs : RHP Theo Shaw
|
|
Batting: RHB Jeffrey Thompson
|
0-0: Foul Ball, location: 2F 0-1: Fly out, F7 (Flyball, 7D, EV 105.0 MPH)
|
|
Batting: LHB Jerome Coleman
|
0-0: Foul Ball, location: 2F 0-1: Ball 1-1: SINGLE (Groundball, 34D, EV 107.5 MPH)
|
|
Batting: RHB Jeff Doerr
|
0-0: Called Strike 0-1: Ball 1-1: Grounds into double play, 6-4-3 (Groundball, 6, EV 98.1 MPH)
|
| Top of the 7th over - 0 runs, 1 hit, 0 errors, 0 left on base; Bend 2 - Lewiston 4 |
| BOTTOM OF THE 7TH |
|
Lewiston Broncs batting - Pitching for Bend Bandits : RHP Ignacio Sola
|
|
Batting: LHB Wayne Kirby
|
0-0: Called Strike 0-1: Foul Ball, location: 2F 0-2: Ball 1-2: Fly out, F2 (Popup, 2LF, EV 90.0 MPH)
|
|
Batting: LHB Alex Hernandez
|
0-0: Ball 1-0: Foul Ball, location: 2F 1-1: Foul Ball, location: 2F 1-2: Ball 2-2: Ball 3-2: Base on Balls
|
|
Batting: RHB Jeff Kunkel
|
0-0: Ground out 6-3 (Groundball, 6MD, EV 103.1 MPH) Alex Hernandez to second
|
|
Batting: RHB Bruce Castoria
|
0-0: Reached on error, E4 (Groundball, 4, EV 98.8 MPH) Alex Hernandez scores
|
|
Batting: LHB Nestor Moreno
|
0-0: Foul Ball, location: 2F 0-1: Ball 1-1: Called Strike 1-2: Strikes out swinging
|
| Bottom of the 7th over - 1 run, 0 hits, 1 error, 1 left on base; Bend 2 - Lewiston 5 |
| TOP OF THE 8TH |
|
Bend Bandits batting - Pitching for Lewiston Broncs : RHP Theo Shaw
|
|
Batting: RHB Kevin Romine
|
0-0: Ball 1-0: Called Strike 1-1: Ground out 5-3 (Groundball, 56S, EV 68.1 MPH)
|
|
Batting: LHB Barry Houston
|
0-0: Ball 1-0: Ball 2-0: Ball 3-0: Called Strike 3-1: Foul Ball, location: 2F 3-2: Foul Ball, location: 2F 3-2: Fly out, F8 (Flyball, 89M, EV 96.9 MPH)
|
|
Batting: RHB Trajano Estrela
|
0-0: SINGLE (Groundball, 4MD, EV 101.3 MPH)
|
|
Batting: RHB Phil Smith
|
0-0: Swinging Strike 0-1: Foul Ball, location: 2F 0-2: Ball 1-2: Ball 2-2: Ball 3-2: Ground out 4-3 (Groundball, 4, EV 109.4 MPH)
|
| Top of the 8th over - 0 runs, 1 hit, 0 errors, 1 left on base; Bend 2 - Lewiston 5 |
| BOTTOM OF THE 8TH |
|
Lewiston Broncs batting - Pitching for Bend Bandits : RHP Ignacio Sola
|
|
Pitching: RHP Christopher Ray
|
|
|
Batting: RHB Sal D'Alessandro
|
0-0: Ball 1-0: DOUBLE (Flyball, 89D, EV 94.4 MPH)
|
|
Batting: RHB Julio Marin
|
0-0: Intentional Walk
|
|
Batting: RHB Steven Spalt
|
0-0: Bunted foul 0-1: Bunted foul 0-2: Ball 1-2: Ball 2-2: Foul Ball, location: 2F 2-2: Foul Ball, location: 2F 2-2: Ball 3-2: Foul Ball, location: 2F 3-2: Fielders Choice at 2nd, 6-4 (Groundball, 6, EV 86.9 MPH) Sal D'Alessandro to third
|
|
Batting: RHB Jay Roberts
|
0-0: Ball 1-0: Ball 2-0: SINGLE (Groundball, 34S, EV 65.6 MPH) (infield hit) Steven Spalt to second
|
|
Batting: LHB Wayne Kirby
|
0-0: Called Strike 0-1: Ball 1-1: Foul Ball, location: 2F 1-2: Strikes out looking
|
|
Batting: LHB Alex Hernandez
|
0-0: Foul Ball, location: 2F 0-1: Foul Ball, location: 2F 0-2: Ball 1-2: Foul Ball, location: 2F 1-2: Fielders Choice at 2nd, 6-4 (Groundball, 6, EV 80.6 MPH)
|
| Bottom of the 8th over - 0 runs, 2 hits, 0 errors, 3 left on base; Bend 2 - Lewiston 5 |
| TOP OF THE 9TH |
|
Bend Bandits batting - Pitching for Lewiston Broncs : RHP Theo Shaw
|
|
Pitching: LHP Brian Householder
|
|
|
Batting: RHB Ronald Harper
|
0-0: Ball 1-0: Called Strike 1-1: Called Strike 1-2: Ball 2-2: Foul Ball, location: 2F 2-2: Fly out, F4 (Popup, 3D, EV 57.5 MPH)
|
|
Batting: RHB Rick Austin
|
0-0: Called Strike 0-1: Ground out 6-3 (Groundball, 6, EV 79.4 MPH)
|
|
Batting: RHB Jeffrey Thompson
|
0-0: Ball 1-0: Ball 2-0: Fly out, F7 (Flyball, 78XD, EV 98.8 MPH)
|
| Top of the 9th over - 0 runs, 0 hits, 0 errors, 0 left on base; Bend 2 - Lewiston 5 |
|